 Seeded DCSS version 0.28-a0-1555-g9ae15a6949 (webtiles) character file.

Game seed: 72 (custom seed)

258 knot the Chopper (level 5, 43/61 HPs)
             Began as a Demonspawn Berserker on Jan 19, 2022.
             Was a Believer of Trog.
             Quit the game on level 4 of the Dungeon.
             The game lasted 00:01:24 (3015 turns).

knot the Chopper (Demonspawn Berserker)             Turns: 3015, Time: 00:01:25

Health: 43/61      AC:  5    Str: 18    XL:     5   Next: 94%
Magic:  5/5        EV: 11    Int: 10    God:    Trog [**....]
Gold:   136        SH:  4    Dex: 12    Spells: 4/4 levels left

rFire   + . .      SeeInvis .   a - +0 hand axe
rCold   . . .      Faith    .   (no shield)
rNeg    . . .      Spirit   .   k - +0 ring mail
rPois   .          Reflect  .   (helmet restricted)
rElec   .          Harm     .   (no cloak)
rCorr   .          Rampage  .   (no gloves)
Will    .....                   (no boots)
Stlth   ..........              (no amulet)
HPRegen 0.20/turn               h - ring of protection from fire
MPRegen 0.09/turn               (no ring)

@: berserking, very quick
A: horns 1, condensation shield
a: Renounce Religion, Berserk, Trog's Hand


You were on level 4 of the Dungeon.
You worshipped Trog.
Trog was pleased with you.
You visited 1 branch of the dungeon, and saw 4 of its levels.

You collected 136 gold pieces.

Inventory:

Hand Weapons
 a - a +0 hand axe (weapon)
Missiles
 d - 72 stones (quivered)
 f - 12 sling bullets
Armour
 b - a +0 animal skin
 k - a +0 ring mail (worn)
Jewellery
 h - a ring of protection from fire (left hand)
Scrolls
 c - a scroll of enchant weapon {unknown}
 e - a scroll of blinking {unknown}
 g - 2 scrolls of identify {unknown}
 l - a scroll of enchant armour {unknown}
Potions
 i - a potion of lignification {unknown}
 j - a potion of attraction {unknown}
 m - a potion of curing {unknown}


   Skills:
 - Level 3.0 Fighting
 + Level 6.1 Axes
 - Level 1.7 Armour
 - Level 1.7 Dodging


You had 4 spell levels left.
You didn't know any spells.
Your spell library contained the following spells:

 Spells                   Type           Power      Damage    Failure   Level
 Corpse Rot               Necr/Air       0%         N/A       69%         2
 Ignite Poison            Fire/Tmut/Pois 0%         N/A       89%         3
 Mephitic Cloud           Conj/Pois/Air  0%         N/A       89%         3
 Dispel Undead            Necr           0%         3d6       100%        4
 Freezing Cloud           Conj/Ice/Air   0%         6-21      100%        5
 Death Channel            Necr           0%         N/A       100%        6


Dungeon Overview and Level Annotations

Branches:
Dungeon (4/15)
 Temple: D:4-7

Altars:
Makhleb


Innate Abilities, Weirdness & Mutations

You have a pair of small horns on your head.
A meltable shield of frost defends you. (SH +4)


Message History

No target in view!
No target in view!
Found a stone staircase leading up.
No target in view!
d - 72 stones (gained 17)
You open the door.
Grinder comes into view.
Grinder shouts!
You hear a bark!
Found 9 gold pieces.
Grinder gestures at you.
You suddenly lose the ability to move!
A hound comes into view.
Grinder gestures at you.
You shrug off the repeated paralysis!
Grinder hits you.
You can move again.
There is an open door here.
A red film seems to cover your vision as you go berserk!
You feel yourself moving faster!
You feel mighty! Grinder hits you.
You slash Grinder!
Grinder is moderately wounded.
You closely miss Grinder. You headbutt Grinder.
Grinder is heavily wounded.
You miss the hound. Grinder gestures at you. Pain shoots through your body!
The hound bites you.
You slash Grinder! You headbutt Grinder!
Grinder is almost dead.
You hit the hound. The hound completely misses you. Grinder barely misses you.
You slash Grinder!
You kill Grinder!
Trog accepts your kill.
You closely miss the hound. The hound closely misses you.
Your Axes skill gained 2 levels and is now at level 6!
You have reached level 4!
You feel stronger.
You have reached level 5!
Your demonic ancestry asserts itself...
Frost condenses into a shield before you.
Are you sure you want to abandon this character and quit the game? (Confirm with "yes".)

#.... #.### #.# #######
#.# ....... #.# .......
############.# ....$..
#............#
.......##.##############
......h@.........#.....#
.......#.#######.#.###.#
.......#.# #.#....
.......#.#. ###.....#
###+####.#.#####.......#
#.#...#........##
............>...#
#...#.#.#.<#.#.## ..
#.#.####.#.#


You could see a hound.

Vanquished Creatures
  Grinder (D:4)
  An adder skeleton (D:3)
  3 worms
  An orc (D:3)
  2 bats
  2 endoplasms
  5 goblins
  5 hobgoblins
  4 jackals (D:1)
  2 quokkas (D:2)
  7 ball pythons
  4 frilled lizards
  6 kobolds
43 creatures vanquished.

Notes
Turn   | Place    | Note
-------+----------+-------------------------------------------
     0 | D:1      | knot the Demonspawn Berserker began the quest for the Orb.
     0 | D:1      | Reached XP level 1. HP: 18/18 MP: 1/1
   113 | D:1      | Found a faded altar of an unknown god.
   153 | D:1      | Reached skill level 3 in Axes
   209 | D:1      | Gained mutation: You have a pair of small horns on your
                  | head. [demonic ancestry]
   209 | D:1      | Reached XP level 2. HP: 24/24 MP: 2/2
  1095 | D:2      | Reached XP level 3. HP: 26/29 MP: 3/3
  1391 | D:2      | Found a burning altar of Makhleb.
  1400 | D:2      | Reached skill level 4 in Axes
  2286 | D:3      | Reached ** piety under Trog
  3005 | D:4      | Noticed Grinder
  3006 | D:4      | Paralysed by Grinder for 4 turns
  3014 | D:4      | Killed Grinder
  3015 | D:4      | Reached skill level 6 in Axes
  3015 | D:4      | Reached XP level 4. HP: 35/35 MP: 4/4
  3015 | D:4      | Gained mutation: A meltable shield of frost defends you.
                  | (SH +4) [demonic ancestry]
  3015 | D:4      | Reached XP level 5. HP: 41/41 MP: 5/5
  3015 | D:4      | Quit the game

Illustrated notes

Levels and vault maps discovered:
D:1:      shiori_arrival_elements, layout_loops_cross,
          shapermc_ecumenical_altar_gd
D:2:      layout_rooms, basic_altar
D:3:      layout_basic, kennysheep_pointless_box
D:4:      layout_basic, kennysheep_generic_room_15, uniq_grinder

Skill      XL: |  1  2  3 |
---------------+----------+-----
Axes           | 3 6 |  6.1
Fighting       | |  3.0
Armour         | |  1.7
Dodging        | |  1.7

Action                   |  1- 3 |  4- 6 || total
-------------------------+-------+-------++-------
Melee: Hand axe          |   125 |       ||   125
       Headbutt          |    20 |       ||    20
Invok: Berserk           |     3 |       ||     3
 Stab: Sleeping          |     1 |       ||     1
Armor: Animal skin       |    17 |       ||    17
       Ring mail         |    18 |       ||    18
Dodge: Dodged            |    68 |       ||    68

Table legend: (Time is in decaauts)
 A = Elapsed time spent in this place.
 B = Non-inter-level travel time spent in this place.
 C = Inter-level travel time spent in this place.
 D = Time resting spent in this place.
 E = Time spent auto-exploring this place.
 F = Levels seen in this place.
 G = Mean time per level.
                   A        B        C        D        E       F      G
               +--------+--------+--------+--------+--------+-----+--------+
         Total |   3052 |   2972 |     80 |    491 |   2173 |   4 |  763.0 |
       Dungeon |   3052 |   2972 |     80 |    491 |   2173 |   4 |  763.0 |
               +--------+--------+--------+--------+--------+-----+--------+

Top non-repeatable levels by time:
     D:2: 1218 daAuts
     D:1: 944 daAuts
     D:3: 761 daAuts
     D:4: 128 daAuts
